 Dungeon Crawl Stone Soup version 0.29.0-5-ge4962eb29e (webtiles) character file.

Game seed: 9295153770718925062

215 ImASeal the Ruffian (level 5, -3/46 HPs)
             Began as a Ghoul Berserker on Aug 28, 2022.
             Was a Priest of Trog.
             Slain by a gnoll
             ... wielding a +0 flail
              (12 damage)
             ... on level 3 of the Dungeon.
             The game lasted 00:05:53 (3236 turns).

ImASeal the Ruffian (Ghoul Berserker)               Turns: 3236, Time: 00:05:54

Health: -3/46      AC:  2    Str: 22    XL:     5   Next: 92%
Magic:  4/4        EV: 12    Int:  3    God:    Trog [***...]
Gold:   87         SH:  0    Dex:  8    Spells: 4/4 levels left

rFire   . . .      SeeInvis .     - Unarmed
rCold   + . .      Faith    .   (no shield)
rNeg    + + +      Spirit   .   a - +0 animal skin
rPois   ∞          Reflect  .   (no helmet)
rElec   .          Harm     .   (no cloak)
rCorr   +          Rampage  .   (no gloves)
Will    .....                   (no boots)
Stlth   +.........              (no amulet)
HPRegen 0.00/turn               i - ring of resist corrosion
MPRegen 0.09/turn               (no ring)

@: inhibited regen
A: claws 1, cold resistance 1, negative energy resistance 3, inhibited
regeneration, torment resistance 2, devour on kill
a: Renounce Religion, Trog's Hand


You were on level 3 of the Dungeon.
You worshipped Trog.
Trog was most pleased with you.
You visited 1 branch of the dungeon, and saw 3 of its levels.

You collected 87 gold pieces.

Inventory:

Armour
 a - a +0 animal skin (worn)
Jewellery
 b - a ring of ice
 i - a ring of resist corrosion (left claw)
Scrolls
 d - 3 scrolls of identify {unknown}
 g - a scroll of acquirement {unknown}
 k - a scroll of teleportation {unknown}
 l - a scroll of enchant weapon {unknown}
 n - a scroll of brand weapon {unknown}
Potions
 c - a potion of degeneration {unknown}
 e - 2 potions of berserk rage {unknown}
 f - 2 potions of invisibility {unknown}
 h - a potion of curing {unknown}
 j - a potion of heal wounds {unknown}
 m - 2 potions of brilliance {unknown}


   Skills:
 + Level 3.9 Fighting
 + Level 1.9 Armour
 + Level 2.8 Dodging
 + Level 0.7 Stealth
 + Level 5.9 Unarmed Combat


You had 4 spell levels left.
You didn't know any spells.
Your spell library was empty.

Dungeon Overview and Level Annotations

Branches:
Dungeon (3/15)

Altars:


Innate Abilities, Weirdness & Mutations

You are immune to poison.
You have sharp fingernails.
Your flesh is cold resistant. (rC+)
You are immune to negative energy. (rN+++)
You do not regenerate when monsters are visible.
You are immune to unholy pain and torment.
You thrive by killing the living.


Message History

You see here a worm corpse. 3 gnolls come into view.
The gnoll shouts! x3
The gnoll hits you with a +0 spear!
You scratch the gnoll.
The gnoll is lightly wounded.
The gnoll misses you.
You scratch the gnoll.
The gnoll is moderately wounded.
You claw the gnoll!
You kill the gnoll!
Trog accepts your kill.
You feel better.
You barely miss the gnoll. The gnoll closely misses you.
You closely miss the gnoll. The gnoll barely misses you.
The gnoll closely misses you.
You scratch the gnoll.
The gnoll is lightly wounded.
The gnoll barely misses you. The gnoll hits you with a +0 flail!
You closely miss the gnoll.
The gnoll is lightly wounded.
The gnoll closely misses you. The gnoll hits you with a +0 flail!
You are too injured to fight recklessly!
You are too injured to fight recklessly!
You are too injured to fight recklessly!
You are too injured to fight recklessly!
You closely miss the gnoll.
The gnoll is lightly wounded.
The gnoll barely misses you. The gnoll hits you with a +0 flail.
You closely miss the gnoll. You claw the gnoll.
The gnoll is moderately wounded.
The gnoll hits you from afar with a +0 spear!
* * * LOW HITPOINT WARNING * * *
The gnoll closely misses you.
You completely miss the gnoll.
The gnoll is moderately wounded.
You scratch the gnoll.
The gnoll is moderately wounded.
The gnoll barely misses you. The gnoll hits you with a +0 flail!
You die...

#.## #..#.# #.#
###.## #.# #.# #+#
#.# #.# # #.#
##.#.#
###....#########.
+.........@gg.....
####.$..########.#
##.#.. ####. .#
#+# .# #.# .# #.#
#.##


You could see 2 gnolls.

Vanquished Creatures
  Natasha (twice) (D:3)
  An orc wizard (D:3)
  6 adders
  A gnoll (D:3)
  A worm (D:3)
  A dart slug (D:2)
  3 orcs (D:3)
  A ball python (D:2)
  9 bats
  4 endoplasms
  A giant cockroach (D:2)
  6 hobgoblins
  2 jackals (D:3)
  6 quokkas
  5 frilled lizards
  8 goblins
  7 kobolds
  8 rats
72 creatures vanquished.

Notes
Turn   | Place    | Note
-------+----------+-------------------------------------------
     0 | D:1      | ImASeal the Ghoul Berserker began the quest for the Orb.
     0 | D:1      | Reached XP level 1. HP: 19/19 MP: 0/0
   289 | D:1      | Reached XP level 2. HP: 24/26 MP: 1/1
   835 | D:1      | Reached XP level 3. HP: 31/31 MP: 2/2
   870 | D:1      | Reached ** piety under Trog
   951 | D:1      | Reached skill level 4 in Unarmed Combat
  1321 | D:2      | Reached XP level 4. HP: 39/40 MP: 3/3
  2147 | D:2      | Reached skill level 5 in Unarmed Combat
  2437 | D:3      | Noticed Natasha
  2444 | D:3      | Reached XP level 5. HP: 36/46 MP: 4/4
  2451 | D:3      | Killed Natasha
  2709 | D:3      | Noticed Natasha
  2718 | D:3      | Killed Natasha
  2823 | D:3      | Found a faded altar of an unknown god.
  2850 | D:3      | Reached *** piety under Trog
  3236 | D:3      | Slain by a gnoll

Illustrated notes

Levels and vault maps discovered:
D:1:      dpeg_arrival_shelter, layout_loops_ring, chequers_mini_garden
D:2:      layout_basic
D:3:      layout_loops_corners, chequers_ecumenical_altar_simple,
          kennysheep_generic_room_10, uniq_grinder, uniq_natasha

Skill      XL: |  1  2  3  4 |
---------------+-------------+-----
Dodging        | 2 |  2.8
Unarmed Combat | 4 5 |  5.9
Fighting       | |  3.9
Armour         | |  1.9
Stealth        | |  0.7

Action                   |  1- 3 |  4- 6 || total
-------------------------+-------+-------++-------
Melee: Unarmed           |   113 |   120 ||   233
       Punch             |     2 |     1 ||     3
 Stab: Sleeping          |       |     1 ||     1
Armor: Animal skin       |    22 |    31 ||    53
Dodge: Dodged            |    68 |    84 ||   152
